 Dungeon Crawl Stone Soup version 0.28.0-53-g5a82cb258f (webtiles) character file.

Game seed: 15393062338569443544

531 Atelerd the Sneak (level 7, -1/45 HPs)
             Began as an Octopode Earth Elementalist on June 7, 2022.
             Shot with an arrow by a centaur (12 damage)
             ... on level 5 of the Dungeon.
             The game lasted 00:04:15 (4713 turns).

Atelerd the Sneak (Octopode Earth Elementalist)     Turns: 4713, Time: 00:04:15

Health: -1/45      AC:  1    Str:  7    XL:     7   Next: 24%
Magic:  12/12      EV: 13    Int: 19    God:
Gold:   119        SH:  0    Dex: 13    Spells: 12/13 levels left

rFire   . . .      SeeInvis .   q - +4 dagger of the Bespelling Seer {drain, rElec Will+}
rCold   . . .      Faith    .   (no shield)
rNeg    . . .      Spirit   .   (helmet restricted)
rPois   .          Reflect  .   (no amulet)
rElec   +          Harm     .   (no ring)
rCorr   .          Rampage  .   (no ring)
Will    +....                   (no ring)
Stlth   ++++......              (no ring)
HPRegen 0.15/turn               (no ring)
MPRegen 0.13/turn               (no ring)
                                (no ring)
                                (no ring)

@: no status effects
A: almost no armour, amphibious, 8 rings, camouflage 1, gelatinous body 1,
(nimble swimmer 1), tentacles
a: no special abilities


You were on level 5 of the Dungeon.
You visited 2 branches of the dungeon, and saw 6 of its levels.

You collected 143 gold pieces.
You spent 24 gold pieces at shops.

Inventory:

Hand Weapons
 d - a +0 dagger
 e - a +1 hand axe of electrocution
 k - a +1 dagger of venom
 q - the +4 dagger of the Bespelling Seer (weapon) {drain, rElec Will+}
   (You found it on level 2 of the Dungeon)

   A truly terrible weapon, it drains the life of any living foe it strikes.
   rElec:     It insulates you from electricity.
   Will:      It increases your willpower.
Missiles
 b - 76 stones
 n - 4 boomerangs of dispersal
Jewellery
 t - an amulet of guardian spirit
Wands
 y - a wand of flame (21)
Scrolls
 c - 2 scrolls of enchant armour {unknown}
 f - 2 scrolls of teleportation {unknown}
 g - 2 scrolls of brand weapon {unknown}
 h - a scroll of amnesia {unknown}
 j - 2 scrolls of identify
 l - 2 scrolls of silence {unknown}
 m - a scroll of vulnerability {unknown}
 p - a scroll of fear {unknown}
 r - a scroll of immolation {unknown}
 s - 3 scrolls of fog {unknown}
 u - a scroll of blinking {unknown}
Potions
 a - 2 potions of might
 i - a potion of lignification
 o - 2 potions of flight
 v - a potion of cancellation {unknown}
 w - a potion of haste {unknown}
 x - a potion of heal wounds {unknown}


   Skills:
 - Level 2.0 Fighting
 - Level 2.0 Short Blades
 - Level 0.2 Axes
 - Level 2.0 Dodging
 + Level 4.9 Stealth
 + Level 3.8 Spellcasting
 - Level 3.0 Transmutations
 + Level 4.6 Earth Magic


You had 12 spell levels left.
You knew the following spells:

 Your Spells              Type           Power      Damage    Failure   Level
a - Sandblast             Erth           42%        2d11      1%          1

Your spell library contained the following spells:

 Spells                   Type           Power      Damage    Failure   Level
 Passwall                 Tmut/Erth      15%        N/A       4%          2
 Shock                    Conj/Air       12%        1d3       14%         1
 Stone Arrow              Conj/Erth      24%        3d8       16%         3
 Poisonous Vapours        Pois/Air       6%         N/A       22%         2
 Petrify                  Tmut/Erth      18%        N/A       28%         4
 Fireball                 Conj/Fire      1%         3d3       98%         5


Dungeon Overview and Level Annotations

Branches:
Dungeon (5/15)             Temple (1/1) D:4

Altars:
Ashenzari
Dithmenos
Elyvilon
Fedhas
Gozag
Kikubaaqudgha
Makhleb
Okawaru
Ru
Trog
Vehumet
Wu Jian
Xom
Yredelemnul

Shops:
D:1 ?   D:2 ?


Innate Abilities, Weirdness & Mutations

You cannot wear most types of armour.
You are amphibious.
You can wear up to eight rings at the same time.
Your skin changes colour to match your surroundings (Stealth+).
Your rubbery body absorbs attacks. (AC +1, EV +1)
((You are camouflaged when in or above water. (Stealth+)))
You have tentacles for arms and can constrict up to eight enemies at once.


Message History

You have reached level 7!
A hound comes into view.
You see here a scroll labelled DEOBEA RITEKKUW.
A hound is nearby!
A hound is nearby!
Found 11 gold pieces.
The helpless hound fails to defend itself.
You impale the hound!!
You kill the hound!
s - 3 scrolls labelled DEOBEA RITEKKUW (gained 1)
You now have 119 gold pieces (gained 11).
A centaur and a gnoll come into view.
Found a book of Geomancy.
There are monsters nearby!
There are monsters nearby!
There are monsters nearby!
There are monsters nearby! 2 gnolls come into view.
Found 13 gold pieces.
Found a stone staircase leading up.
The centaur wields a +0 shortbow.
The centaur shoots an arrow.
The arrow closely misses you.
The gnoll shouts! x2
The centaur shoots an arrow.
The arrow hits you.
The centaur shoots an arrow.
The arrow hits you!
You start resting.
A gnoll is nearby!
A gnoll is nearby!
A quokka comes into view.
The gnoll barely misses you.
A scorpion comes into view.
You hit the gnoll but do no damage. Your grab misses the gnoll.
The gnoll hits you with a +0 flail.
You completely miss the gnoll. You grab the gnoll.
You constrict the gnoll, but do no damage.
The gnoll hits you with a +0 flail!
* * * LOW HITPOINT WARNING * * *
You release your grip on the gnoll.
Found an escape hatch in the floor.
The centaur shoots an arrow.
The arrow hits you!
You die...

≈≈≈≈≈≈≈≈≈≈≈.#.#.#...≈≈##
≈≈§≈≈≈≈≈≈≈.##.#.....≈c.$
≈≈≈≈≈≈≈≈≈.....#.....≈≈##
≈≈≈§≈≈≈≈...##r#.........
≈≈≈≈≈≈≈.....#g#.....(...
≈≈≈≈.....#.#.......##
≈≈..... #.#.......:.
......#.###.#..###
........g.@<......
......#######...##
...#.> .# .. ##


You could see a centaur and a gnoll.

Vanquished Creatures
  A black bear (D:4)
  2 ogres
  A hound (D:5)
  3 iguanas
  An orc wizard (D:4)
  4 adders (D:3)
  An ufetubus (D:5)
  5 dart slugs
  10 orcs (D:4)
  3 ball pythons
  9 endoplasms
  3 giant cockroaches
  8 hobgoblins
  3 jackals (D:2)
  6 quokkas
  4 bats
  3 frilled lizards
  10 goblins
  7 kobolds
  5 rats
89 creatures vanquished.

Notes
Turn   | Place    | Note
-------+----------+-------------------------------------------
     0 | D:1      | Atelerd the Octopode Earth Elementalist began the quest for
                  | the Orb.
     0 | D:1      | Reached XP level 1. HP: 11/11 MP: 3/3
   173 | D:1      | Reached XP level 2. HP: 17/17 MP: 3/5
   239 | D:1      | Found a faded altar of an unknown god.
   279 | D:1      | Found Vadeun's Magic Scroll Emporium.
   701 | D:1      | Reached XP level 3. HP: 17/21 MP: 6/6
  2222 | D:2      | Found Peim's Magic Scroll Boutique.
  2224 | D:2      | Reached XP level 4. HP: 27/27 MP: 8/8
  2246 | D:2      | Bought a scroll of identify for 24 gold pieces
  2279 | D:2      | Identified the +4 dagger of the Bespelling Seer {drain,
                  | rElec Will+}
  2429 | D:3      | Found an ancient bone altar of Kikubaaqudgha.
  2433 | D:3      | Found a blossoming altar of Fedhas.
  3119 | D:4      | Found a basalt altar of Yredelemnul.
  3138 | D:4      | Found a staircase to the Ecumenical Temple.
  3147 | D:4      | Got Deroaw's Reference Book on Floating Attacks
  3196 | D:4      | Noticed a black bear
  3203 | D:4      | Killed a black bear
  3204 | D:4      | Reached XP level 5. HP: 30/32 MP: 6/9
  3279 | Temple   | Entered the Ecumenical Temple
  3582 | D:4      | Reached skill level 1 in Fighting
  3582 | D:4      | Reached skill level 1 in Short Blades
  3582 | D:4      | Reached XP level 6. HP: 28/38 MP: 8/10
  3687 | D:4      | Found a burning altar of Makhleb.
  3687 | D:4      | Found a white marble altar of Elyvilon.
  4577 | D:5      | Entered Level 5 of the Dungeon
  4656 | D:5      | Reached XP level 7. HP: 45/45 MP: 12/12
  4713 | D:5      | Shot with an arrow by a centaur

Illustrated notes

Levels and vault maps discovered:
D:1:      dpeg_arrival_leaves_temple_mockup, layout_loops_ring, serial_shops,
          nicolae_shop_trees, dreamdust_ecumenical_altar_grove
D:2:      minmay_spotlight, layout_basic, serial_shops, shop
D:3:      layout_rooms, grunt_temple_overflow_growth_and_decay,
          hangedman_decor_lopped
D:4:      minmay_recursive_quarters, layout_loops_corners,
          nicolae_overflow_hidden_temple, minmay_temple_entry_offerings
D:5:      layout_basic, kb_lookout_dungeons_type, lemuel_old_faithful,
          uniq_eustachio
Temple:   compressed_dpeg_triangle_lava_temple

Skill      XL: |  1  2  3  4  5  6 |
---------------+-------------------+-----
Stealth        | 3 4 |  4.9
Spellcasting   | 3 |  3.8
Transmutations | 2 3 |  3.0
Earth Magic    | 4 |  4.6
Fighting       | 1 2 |  2.0
Short Blades   | 1 2 |  2.0
Axes           | |  0.2
Dodging        | |  2.0

Action                   |  1- 3 |  4- 6 |  7- 9 || total
-------------------------+-------+-------+-------++-------
Melee: Constrict         |    17 |    17 |     1 ||    35
       Unarmed           |     1 |       |       ||     1
       Hand axe          |    28 |       |       ||    28
       Tentacles         |     6 |     4 |       ||    10
       Dagger            |    25 |    76 |     3 ||   104
       Punch             |       |     1 |       ||     1
 Cast: Sandblast         |    23 |    17 |       ||    40
  Use: Scroll            |       |     3 |       ||     3
 Stab: Sleeping          |     8 |     8 |     1 ||    17
Armor: Skin              |     7 |     2 |       ||     9
Dodge: Dodged            |    24 |    30 |     2 ||    56
